 Dungeon Crawl Stone Soup version 0.28.0 (webtiles) character file.

Game seed: 12051787121628866803

816 Sanktem7 the Chopper (level 7, -6/62 HPs)
             Began as a Minotaur Fighter on Feb 12, 2022.
             Mangled by Pikel (7 damage)
             ... on level 5 of the Dungeon.
             The game lasted 00:07:13 (4581 turns).

Sanktem7 the Chopper (Minotaur Fighter)             Turns: 4581, Time: 00:07:14

Health: -6/62      AC: 16    Str: 22    XL:     7   Next: 62%
Magic:  6/6        EV:  8    Int:  5    God:
Gold:   191        SH:  0    Dex: 10    Spells: 6/6 levels left

rFire   . . .      SeeInvis .   t - +2 battleaxe (vorpal)
rCold   . . .      Faith    .   (shield currently unavailable)
rNeg    . . .      Spirit   .   q - +0 chain mail
rPois   +          Reflect  .   (helmet restricted)
rElec   .          Harm     .   l - +0 cloak
rCorr   .          Rampage  .   h - +0 pair of gloves
Will    .....                   (no boots)
Stlth   ..........              (no amulet)
HPRegen 0.20/turn               o - +4 ring of protection
MPRegen 0.10/turn               z - ring of poison resistance

@: no status effects
A: horns 2, retaliatory headbutt
a: no special abilities


You were on level 5 of the Dungeon.
You visited 1 branch of the dungeon, and saw 5 of its levels.

You collected 191 gold pieces.

Inventory:

Hand Weapons
 t - a +2 vorpal battleaxe (weapon)
Armour
 h - a +0 pair of gloves (worn)
 l - a +0 cloak (worn)
 q - a +0 chain mail (worn)
Jewellery
 a - an amulet of regeneration
 o - a +4 ring of protection (left hand)
 w - a +6 ring of intelligence
 z - a ring of poison resistance (right hand)
Wands
 s - a wand of flame (15)
 v - a wand of charming (5)
 y - a wand of digging (3)
Scrolls
 f - 2 scrolls of blinking
 u - a scroll of teleportation {unknown}
Potions
 b - a potion of lignification
 d - a potion of might
 g - a potion of invisibility
 j - a potion of cancellation
 m - 3 potions of curing
 r - a potion of haste
 x - a potion of degeneration {unknown}


   Skills:
 + Level 5.9 Fighting
 + Level 7.4 Axes
 + Level 5.8 Armour
 + Level 1.2 Dodging
 + Level 0.5 Stealth
 + Level 4.6 Shields


You had 6 spell levels left.
You didn't know any spells.
Your spell library was empty.

Dungeon Overview and Level Annotations

Branches:
Dungeon (5/15)
 Temple: D:4-7

Altars:
Hepliaklqana
The Shining One

Shops:
D:2 *

Annotations:
D:5 Pikel


Innate Abilities, Weirdness & Mutations

You have a pair of horns on your head.
You reflexively headbutt those who attack you in melee.


Message History

The howler monkey is almost dead.
The howler monkey hits you but does no damage.
A phantom comes into view.
The howler monkey completely misses you.
You furiously retaliate!
You headbutt the howler monkey!
You kill the howler monkey!
A hound and a hound skeleton come into view.
Found a club.
Pikel hits you with a +1 whip of electrocution.
A sky beast comes into view.
You barely miss Pikel. You headbutt Pikel!
Pikel is lightly wounded.
You closely miss the lemure.
Pikel says, "You'll make a fine lemure."
Pikel hits you but does no damage.
You are electrocuted!
The lemure hits you but does no damage.
Pikel hits you with a +1 whip of electrocution.
The sky beast flickers out of sight!
Deactivating autopickup; reactivate with Ctrl-A.
The lemure hits you but does no damage.
You barely miss the orc. You headbutt the orc.
You kill the orc!
You barely miss the lemure. You hit Pikel.
Pikel hits you with a +1 whip of electrocution.
Pikel hits you but does no damage. The lemure hits you but does no damage.
You barely miss Pikel.
Pikel is moderately wounded.
You slash the lemure!
Pikel hits you with a +1 whip of electrocution.
The lemure hits you but does no damage.
Pikel hits you with a +1 whip of electrocution.
You slash Pikel!
Pikel is heavily wounded.
You barely miss the lemure. Pikel hits you but does no damage.
You are electrocuted!!
* * * LOW HITPOINT WARNING * * *
The lemure hits you!
* * * LOW HITPOINT WARNING * * *
Pikel hits you with a +1 whip of electrocution!
You die...

..♣.....♣.##.#
(..♣♣♣♣♣♣♣..#.#
.............#.##
###.............# #
###.....###.#.###.#
#..... #.......#
#..... #....####
#.... #..#)# (..#.
....5#@# ....l55K#
#.....Yg5#
#.#....ZW.
#......#..
...#.....)
#.........
#.###......


You could see Pikel (fast), a phantom, a sky beast, 3 lemures, an iguana, a
gnoll and a hound skeleton.

Vanquished Creatures
  A wraith (D:5)
  Sigmund (D:4)
  The ghost of aubilenon the Cudgeller, an amateur GrFi (D:3)
  Blork the orc (D:4)
  A howler monkey (D:5)
  A bullfrog skeleton (D:3)
  2 orc priests (D:4)
  Ijyb (D:4)
  2 iguanas (D:4)
  A hound skeleton (D:4)
  3 adders
  3 adder skeletons (D:4)
  2 worms
  2 dart slugs
  7 orcs
  8 endoplasms
  A giant cockroach (D:2)
  3 goblins (D:1)
  4 hobgoblins
  2 jackals (D:1)
  6 kobolds
  5 quokkas
  8 ball pythons
  8 bats
  4 frilled lizards (D:1)
  9 rats
87 creatures vanquished.

Notes
Turn   | Place    | Note
-------+----------+-------------------------------------------
     0 | D:1      | Sanktem7 the Minotaur Fighter began the quest for the Orb.
     0 | D:1      | Reached XP level 1. HP: 19/19 MP: 0/0
   264 | D:1      | Reached XP level 2. HP: 24/27 MP: 1/1
   571 | D:1      | Reached XP level 3. HP: 31/33 MP: 2/2
  1135 | D:2      | Reached skill level 3 in Axes
  1200 | D:2      | Found Leocie's Assorted Antiques.
  1204 | D:2      | You fall into a shaft and drop 2 floors!
  1363 | D:4      | Reached XP level 4. HP: 24/40 MP: 3/3
  1373 | D:5      | Entered Level 5 of the Dungeon
  1382 | D:4      | Reached skill level 4 in Axes
  1386 | D:4      | Reached XP level 5. HP: 8/47 MP: 4/4
  1940 | D:3      | Reached skill level 5 in Axes
  1996 | D:3      | Found a runed translucent door.
  1996 | D:3      | Noticed aubilenon's ghost (amateur GrFi)
  2025 | D:3      | Found a faded altar of an unknown god.
  2307 | D:3      | Killed aubilenon's ghost
  2308 | D:3      | Reached XP level 6. HP: 26/55 MP: 5/5
  2522 | D:4      | Noticed Blork the orc
  2528 | D:4      | Killed Blork the orc
  2529 | D:4      | Reached skill level 5 in Armour
  2693 | D:4      | Found a glowing golden altar of the Shining One.
  2710 | D:4      | Reached skill level 5 in Fighting
  2710 | D:4      | Reached skill level 6 in Axes
  2710 | D:4      | Reached skill level 1 in Dodging
  2768 | D:4      | Noticed Ijyb
  2768 | D:4      | Noticed Sigmund
  2773 | D:4      | Killed Ijyb
  2784 | D:4      | Killed Sigmund
  2785 | D:4      | Reached XP level 7. HP: 18/61 MP: 6/6
  4260 | D:5      | Noticed a wraith
  4282 | D:5      | Killed a wraith
  4283 | D:5      | Reached skill level 7 in Axes
  4552 | D:5      | Found a hazy altar of Hepliaklqana.
  4572 | D:5      | Noticed Pikel
  4581 | D:5      | HP: 1/62 [lemure[Pikel] (7)]
  4581 | D:5      | Mangled by Pikel

Illustrated notes

Levels and vault maps discovered:
D:1:      ncdulo_halloftheorcs, layout_basic
D:2:      layout_rooms, serial_shops, shop, eino_tiny_chamber
D:3:      layout_basic, hellmonk_ecumenical_altar_run_dry, gammafunk_ghost_grave
D:4:      layout_basic, tso_oasis_becter, uniq_ijyb, uniq_sigmund,
          uniq_blork_the_orc
D:5:      layout_basic, mainiacjoe_overflow_alcove_1, minivault_5,
          minmay_fractal_squares_5, uniq_crazy_yiuf_cottage, uniq_duvessa,
          uniq_pikel

Skill      XL: |  1  2  3  4  5  6  7 |
---------------+----------------------+-----
Fighting       | 4 5 |  5.9
Armour         | 4 5 |  5.8
Shields        | 4 |  4.6
Axes           | 3 4 5 6 7 |  7.4
Dodging        | 1 |  1.2
Stealth        | |  0.5

Action                   |  1- 3 |  4- 6 |  7- 9 || total
-------------------------+-------+-------+-------++-------
Melee: War axe           |    71 |    49 |       ||   120
       Headbutt          |    10 |    17 |    13 ||    40
       Battleaxe         |       |    15 |    56 ||    71
  Use: Scroll            |       |       |     9 ||     9
Armor: Scale mail        |    46 |    13 |       ||    59
       Chain mail        |       |    14 |    53 ||    67
Dodge: Dodged            |    39 |    27 |    20 ||    86
Block: Buckler           |    18 |    10 |       ||    28
